 Dungeon Crawl Stone Soup version 0.31-a0-479-g91c9547826 (webtiles) character file.

Game seed: 10527937736204893810

16517 Ethylacetat the Cleaver (level 12, -10/67 HPs)
             Began as a Vine Stalker Monk on Aug 7, 2023.
             Was an Initiate of Gozag.
             Mangled by a tentacled starspawn (11 damage)
             ... on level 3 of the Abyss.
             The game lasted 00:44:10 (10922 turns).

Ethylacetat the Cleaver (Vine Stalker Monk)        Turns: 10922, Time: 00:44:12

Health: -10/67     AC: 15    Str: 24    XL:     12   Next: 38%
Magic:  0/26       EV:  4    Int: 10    God:    Gozag
Gold:   1944       SH:  0    Dex: 18    Spells: 30/30 levels left

rFire   . . .        b - +1 battleaxe (venom)
rCold   + . .        (shield currently unavailable)
rNeg    . . .        M - +2 plate armour {rC+}
rPois   .            (no helmet)
rElec   .            D - scarf {repulsion}
rCorr   +            E - +2 pair of gloves
SInv    .            (no boots)
Will    +....        (no amulet)
Stlth   x              - ring of resist corrosion
HPRegen 1.11/turn    S - +6 ring of strength
MPRegen 0.20/turn

%: repel missiles, guardian spirit
@: about to teleport, constricted
A: fangs 3, regeneration 1, magic shield, antimagic bite, no potion heal 2,
talons 2, noise suppression
a: Renounce Religion, Potion Petition, Call Merchant, Bribe Branch


You were on level 3 of the Abyss.
You worshipped Gozag.
Gozag was most pleased with you.
You visited 2 branches of the dungeon, and saw 13 of its levels.
You visited the Abyss 1 time.
You also visited: Ossuary.

You collected 2834 gold pieces.
You paid 890 gold pieces to Gozag.

Inventory:

Hand Weapons
 b - a +1 battleaxe of venom (weapon)
 f - a +3 dagger of draining
Armour
 D - a scarf of repulsion (worn)
 E - a +2 pair of gloves (worn)
 G - a +2 ring mail of cold resistance
 M - a +2 plate armour of cold resistance (worn)
 N - a +1 plate armour of poison resistance
Jewellery
 x - a ring of resist corrosion (left hand)
 F - a ring of willpower
 R - a ring of protection from fire
 S - a +6 ring of strength (right hand)
Wands
 p - a wand of iceblast (3)
 r - a wand of flame (85)
 O - a wand of charming (4)
 P - a wand of mindburst (6)
Scrolls
 a - a scroll of identify
 e - a scroll of blinking
 g - 2 scrolls of amnesia {unknown}
 h - a scroll of poison {unknown}
 j - 2 scrolls of revelation {unknown}
 k - a scroll of fear {unknown}
 l - 3 scrolls of vulnerability
 o - a scroll of summoning {unknown}
 s - a scroll of teleportation
 t - 2 scrolls of enchant weapon {unknown}
 y - a scroll of fog {unknown}
 A - a scroll of acquirement {unknown}
 H - a scroll of brand weapon {unknown}
 I - a scroll of silence {unknown}
 J - 2 scrolls of enchant armour {unknown}
Potions
 c - 4 potions of ambrosia
 i - 2 potions of heal wounds
 n - 4 potions of brilliance
 u - 4 potions of mutation
 w - 4 potions of attraction
 z - 2 potions of lignification
 C - a potion of curing


   Skills:
 + Level 9.7 Fighting
 * Level 13.1 Axes
 - Level 3.0 Dodging
 + Level 9.8 Spellcasting


You had 30 spell levels left.
You didn't know any spells.
Your spell library contained the following spells:

 Spells                   Type           Power      Damage    Failure   Level
 Sandblast                Erth           8%         2d5       97%         1
 Cigotuvi's Dreadful Rot  Necr/Pois/Air  8%         N/A       99%         2
 Passwall                 Tmut/Erth      3%         N/A       99%         2
 Dazzling Flash           Conj/Hex       8%         N/A       100%        3
 Ignite Poison            Fire/Tmut/Pois 4%         N/A       100%        3
 Stone Arrow              Conj/Erth      8%         3d7       100%        3
 Volatile Blastmotes      Fire/Tloc      8%         2d10      100%        3
 Cause Fear               Hex            2%         N/A       100%        4
 Dispel Undead            Necr           4%         3d7       100%        4
 Leda's Liquefaction      Hex/Erth       2%         N/A       100%        4
 Fireball                 Conj/Fire      2%         3d4       100%        5
 Freezing Cloud           Conj/Ice/Air   2%         6-21      100%        5
 Lee's Rapid Deconstruct  Erth           2%         3d4*      100%        5
 Death Channel            Necr           2%         N/A       100%        6
 Leda's Unmaking          Conj/Erth      2%         9d1       100%        6
 Starburst                Conj/Fire      2%         6d3       100%        6
 Maxwell's Capacitive Co  Air            2%         ∞         100%        8
 Dragon's Call            Summ           2%         N/A       100%        9


Dungeon Overview and Level Annotations

Branches:
Dungeon (12/15)            Temple (1/1) D:5            Lair (0/5) D:11
    Orc (0/2) D:9         Ossuary (visited)

Altars:
Ashenzari
Cheibriados
Dithmenos
Elyvilon
Fedhas
Gozag
Hepliaklqana
Makhleb
Okawaru
Sif Muna
Trog
Uskayaw
Vehumet
Wu Jian
Xom
Yredelemnul
Zin
The Shining One

Annotations:
D:9 3 runed translucent doors, Ethylacetat's ghost, journeyman OpSh
D:10 exclusion: orange crystal statue


Innate Abilities, Weirdness & Mutations

You have razor-sharp teeth.
Your natural rate of healing is unusually fast.
When hurt, damage is shared between your health and your magic reserves.
Your bite disrupts and absorbs the magic of your enemies.
Potions cannot restore your health.
You have razor-sharp toenails.
You passively dampen the noise of your surroundings.


Message History

The tentacled starspawn is lightly damaged.
You slash the starspawn tentacle!
You hit the starspawn tentacle but do no damage.
The starspawn tentacle grabs you. The starspawn tentacle constricts you.
The starspawn tentacle loses its grip on you.
The tentacle pulls you backwards! The sun demon hits you!!
You are engulfed in flames!
You barely miss the tentacled starspawn.
You claw the tentacled starspawn.
You bite the tentacled starspawn, but do no damage.
The tentacled starspawn is moderately damaged.
You hit the starspawn tentacle but do no damage.
You hit the ufetubus. You barely miss the sun demon.
You slash the starspawn tentacle! The ufetubus barely misses you.
The ufetubus hits you but does no damage.
The sun demon hits you.
You are engulfed in flames!
The tentacled starspawn closely misses you.
The tentacled starspawn tentacle-slaps you!
* * * LOW HITPOINT WARNING * * *
The starspawn tentacle grabs you. The starspawn tentacle constricts you.
Okay, then. [a] - 360 gold - brilliance and magic [b] - 253 gold - curing and magic [c] - 420 gold - haste and enlightenment Purchase which effect?
You feel better. Magic courses through your body.
The ufetubus hits you but does no damage.
The ufetubus hits you.
* * * LOW HITPOINT WARNING * * *
The iron giant simulacrum hits you!
* * * LOW HITPOINT WARNING * * *
The iron giant simulacrum freezes you!! You resist.
* * * LOW HITPOINT WARNING * * *
The sun demon barely misses you.
The ynoxinul gestures.
The ufetubus hits you but does no damage. x2
The tentacled starspawn barely misses you.
The tentacled starspawn tentacle-slaps you!
You die...
Your body crumbles into a pile of gold.

. ##. # #.#
#5.#. .
#5#3.....
...#####5.#
.......3# #
.Z§###Z5###
######@3#
......wXw#
#......x.#
##.......#
≈##......#
##.....#
≈≈##....#
§§≈##...#
#≈§ ##..#


You could see a tentacled starspawn, a sun demon, a ynoxinul, a small
abomination, 2 starspawn tentacles, an iron giant simulacrum and 3 ufetubi.

Vanquished Creatures
  Rupert (D:12)
  A two-headed ogre (D:12)
  A sun demon (Abyss:3)
  4 wizards (D:12)
  2 cyclopes
  A worldbinder (Abyss:3)
  2 manticores
  A kobold demonologist (D:12)
  An unseen horror (D:12)
  2 trolls
  A hornet (D:7)
  A wraith (D:10)
  18 yaks
  4 shadows
  2 steam dragons
  Menkaure (Ossuary)
  7 vampire mosquitoes (D:11)
  A water moccasin (D:7)
  An acid dragon (D:12)
  8 orc warriors
  Duvessa (D:5)
  3 ice beasts
  A sky beast (D:6)
  A black bear (D:11)
  3 ogres
  A centaur (D:12)
  3 phantoms
  A kobold brigand (D:9)
  4 bullfrogs
  2 scorpions
  Dowan (D:5)
  2 troll zombies (Ossuary)
  6 killer bees (D:9)
  8 howler monkeys
  A centaur zombie (Ossuary)
  3 hounds
  3 jellies
  8 orc priests
  2 gnoll boudas
  8 iguanas
  10 orc wizards
  2 ogre zombies (Ossuary)
  6 mummies (Ossuary)
  14 gnolls
  8 adders
  3 shadow imps (D:3)
  3 adder zombies (Ossuary)
  8 worms
  A dart slug (D:4)
  57 orcs
  4 ball pythons
  3 bats
  13 endoplasms
  3 giant cockroaches
  3 goblins
  A hobgoblin (D:3)
  4 jackals (D:2)
  13 kobolds
  2 quokkas
  3 frilled lizards (D:2)
  A gnoll zombie (Ossuary)
  3 goblin zombies (Ossuary)
  7 hobgoblin zombies (Ossuary)
  4 kobold zombies (Ossuary)
  2 quokka zombies (Ossuary)
  6 rats
  5 rat zombies (Ossuary)
311 creatures vanquished.

Vanquished Creatures (others)
  A wizard (D:9)
  An orc (D:7)
2 creatures vanquished.

Grand Total: 313 creatures vanquished

Notes
Turn   | Place    | Note
-------+----------+-------------------------------------------
     0 | D:1      | Ethylacetat the Vine Stalker Monk began the quest for the
                  | Orb.
     0 | D:1      | Reached XP level 1. HP: 11/11 MP: 2/2
     1 | D:1      | Found a shimmering blue altar of Sif Muna.
    94 | D:1      | Reached XP level 2. HP: 15/16 MP: 3/3
   127 | D:1      | You fall into a shaft and drop 1 floor!
   165 | D:2      | Reached skill level 3 in Axes
   249 | D:2      | Reached XP level 3. HP: 20/20 MP: 4/4
   388 | D:2      | Found an opulent altar of Gozag.
   475 | D:2      | Became a worshipper of Gozag Ym Sagoz the Greedy
  1006 | D:2      | Gained mutation: Your natural rate of healing is unusually
                  | fast. [Vine Stalker growth]
  1006 | D:2      | Reached XP level 4. HP: 11/24 MP: 2/5
  1490 | D:3      | Found a transporter.
  1595 | D:3      | Found a transporter.
  1642 | D:3      | Reached skill level 1 in Spellcasting
  1642 | D:3      | Reached XP level 5. HP: 29/29 MP: 5/7
  1949 | D:3      | Reached skill level 4 in Axes
  2136 | D:4      | Reached XP level 6. HP: 17/33 MP: 7/9
  2270 | D:4      | Found an ornate altar of the Wu Jian Council.
  2560 | D:4      | Found a snail-covered altar of Cheibriados.
  2815 | D:5      | Entered Level 5 of the Dungeon
  2846 | D:5      | Reached skill level 5 in Axes
  2851 | D:5      | Identified the +0 scale mail of Boredom {Int-5 Dex+5}
  2892 | D:5      | Reached XP level 7. HP: 38/38 MP: 10/12
  2981 | D:5      | Noticed Dowan
  2982 | D:5      | Noticed Duvessa
  2989 | D:5      | Killed Duvessa
  2996 | D:5      | Killed Dowan
  3095 | D:5      | Found a staircase to the Ecumenical Temple.
  3100 | Temple   | Entered the Ecumenical Temple
  3236 | D:5      | Found a glowing silver altar of Zin.
  3400 | D:5      | Reached skill level 6 in Axes
  3656 | D:6      | Reached skill level 5 in Fighting
  3656 | D:6      | Gained mutation: You have razor-sharp teeth. [Vine Stalker
                  | growth]
  3656 | D:6      | Reached XP level 8. HP: 21/43 MP: 7/14
  4130 | D:6      | Reached skill level 7 in Axes
  4196 | D:6      | Found a radiant altar of Vehumet.
  4524 | D:7      | Noticed a hornet
  4533 | D:7      | Paralysed by a hornet for 2 turns
  4539 | D:7      | Killed a hornet
  4540 | D:7      | Reached skill level 5 in Spellcasting
  4540 | D:7      | Reached XP level 9. HP: 12/48 MP: 6/17
  4802 | D:7      | Reached skill level 8 in Axes
  5504 | D:8      | Reached skill level 9 in Axes
  5585 | D:8      | Found a sand-covered staircase.
  5591 | Ossuary  | Entered an ossuary
  5741 | Ossuary  | Reached XP level 10. HP: 55/55 MP: 20/20
  6058 | Ossuary  | Noticed Menkaure
  6086 | Ossuary  | Killed Menkaure
  6632 | D:8      | Found a broken altar of Ashenzari.
  7147 | D:8      | Reached skill level 10 in Axes
  7194 | D:9      | Found a staircase to the Orcish Mines.
  7239 | D:9      | Found a runed translucent gate.
  7240 | D:9      | Found a runed translucent gate.
  7240 | D:9      | Found a runed translucent gate.
  7240 | D:9      | Noticed Ethylacetat's ghost (journeyman OpSh)
  7240 | D:9      | Noticed a ten-headed hydra
  7240 | D:9      | Noticed an 11-headed hydra
  7470 | D:9      | Noticed a manticore
  7479 | D:9      | Killed a manticore
  7720 | D:9      | Found a bloodstained altar of Trog.
  7721 | D:9      | Noticed a wizard
  7726 | D:9      | Killed a wizard
  7937 | D:10     | Entered Level 10 of the Dungeon
  8025 | D:10     | Reached XP level 11. HP: 56/60 MP: 23/23
  8031 | D:10     | Reached skill level 11 in Axes
  8060 | D:10     | Noticed an orange crystal statue
  8963 | D:11     | Noticed a manticore
  8974 | D:11     | Killed a manticore
  9269 | D:11     | Noticed a cyclops
  9288 | D:11     | Killed a cyclops
  9447 | D:11     | Found a staircase to the Lair.
  9979 | D:12     | Noticed Rupert
 10000 | D:12     | Noticed a two-headed ogre
 10073 | D:12     | Killed a two-headed ogre
 10074 | D:12     | Reached skill level 12 in Axes
 10110 | D:12     | Gained mutation: You have sharp toenails. [potion of
                  | mutation]
 10110 | D:12     | Gained mutation: You have razor-sharp toenails. [potion of
                  | mutation]
 10110 | D:12     | Gained mutation: You passively dampen the noise of your
                  | surroundings. [potion of mutation]
 10355 | D:12     | Paralysed by Rupert for 5 turns
 10371 | D:12     | HP: 2/62 [Rupert/+1 battleaxe of venom (18)]
 10378 | D:12     | Killed Rupert
 10513 | D:12     | Reached XP level 12. HP: 29/66 MP: 9/26
 10847 | D:12     | Reached skill level 13 in Axes
 10848 | Abyss:3  | Cast into level 3 of the Abyss (a wizard)
 10903 | Abyss:3  | Noticed a sun demon
 10906 | Abyss:3  | Noticed a sun demon
 10907 | Abyss:3  | Killed a sun demon
 10907 | Abyss:3  | Noticed a sun demon
 10915 | Abyss:3  | Noticed a tentacled starspawn
 10922 | Abyss:3  | HP: 1/67 [iron giant simulacrum (11)]
 10922 | Abyss:3  | Mangled by a tentacled starspawn

Illustrated notes

Levels and vault maps discovered:
D:1:      sevenhm_arrival_forest_fort_small_6, layout_rooms
D:2:      layout_basic, basic_altar
D:3:      gammafunk_wand_slinger, layout_basic
D:4:      nicolae_cairo_tiling_very_big, layout_loops_ring,
          nzn_wu_jian_contemplation, mainiacjoe_overflow_brackets, st_stairs_6,
          kennysheep_generic_room_6
D:5:      layout_cave_pools, zin_scriptorium, temple_doors_e, nicolae_wormholes,
          uniq_duvessa
D:6:      layout_loops_ring, nicolae_overflow_hidden_temple,
          corexii_corridor_pit, minmay_misc_feat_alley, uniq_edmund
D:7:      layout_basic
D:8:      layout_loops_corners, lemuel_coloured_pillars_altar,
          nicolae_ossuary_entry_plus
D:9:      layout_roguey, trog_wizard, david_orc_5, gammafunk_ghost_hydra_chop
D:10:     layout_irregular_city, minmay_misc_feat_pillars,
          minmay_protected_statue
D:11:     layout_irregular_city, grunt_lair_entry_orc_guard_hut
D:12:     minmay_wizard_corner, layout_rooms, kennysheep_opposing_triangles,
          uniq_rupert
Temple:   nicolae_temple_x_marks_the_god
Abyss:3:  base: D:12, minivault_4, lemuel_flamethrower_3,
          hangedman_abyss_rune_macabre_mess, minivault_4

Skill      XL: |  1  2  3  4  5  6  7  8  9 10 11 12 |
---------------+-------------------------------------+-----
Fighting       | 3 4 5 7 8 9 |  9.7
Axes           | 3 4 5 6 7 9 10 12 13 | 13.1
Dodging        | 3 |  3.0
Spellcasting   | 1 2 3 5 6 7 9 |  9.8

Action                     |  1- 3 |  4- 6 |  7- 9 | 10-12 || total
---------------------------+-------+-------+-------+-------++-------
  Melee: Hand axe          |     9 |       |       |       ||     9
         Bite              |     8 |    34 |   162 |   293 ||   497
         Dagger            |    31 |    99 |   377 |    89 ||   596
         Mace              |       |       |       |   447 ||   447
         Battleaxe         |       |       |       |    60 ||    60
         Kick              |       |       |       |    28 ||    28
  Throw: Throwing net      |       |       |       |     4 ||     4
 Invoke: Potion Petition   |       |       |       |     3 ||     3
  Evoke: Wand              |       |    15 |       |     5 ||    20
    Use: Scroll            |       |       |       |    13 ||    13
         Potion            |       |       |       |    12 ||    12
   Stab: Distracted        |       |       |     4 |     3 ||     7
         Invisible         |       |       |       |     4 ||     4
         Held in net/web   |       |       |       |     1 ||     1
 Armour: Robe              |     4 |    10 |    20 |       ||    34
         Ring mail         |       |       |    71 |    32 ||   103
         Plate armour      |       |       |       |   407 ||   407
  Dodge: Dodged            |    22 |    60 |   183 |   253 ||   518
         Repelled          |       |       |       |     1 ||     1

Table legend: (Time is in decaauts)
 A = Elapsed time spent in this place.
 B = Non-inter-level travel time spent in this place.
 C = Inter-level travel time spent in this place.
 D = Time resting spent in this place.
 E = Time spent auto-exploring this place.
 F = Levels seen in this place.
 G = Mean time per level.
                   A        B        C        D        E       F      G
               +--------+--------+--------+--------+--------+-----+--------+
         Total |  10967 |  10414 |    553 |     96 |   7433 |  15 |  731.1 |
       Dungeon |  10322 |   9769 |    553 |     96 |   7271 |  12 |  860.2 |
        Temple |      1 |      1 |      0 |      0 |      0 |   1 |    1.0 |
         Abyss |     74 |     74 |      0 |      0 |      0 |   1 |   74.0 |
       Ossuary |    568 |    568 |      0 |      0 |    162 |   1 |  568.0 |
               +--------+--------+--------+--------+--------+-----+--------+

Top non-repeatable levels by time:
    D:11: 1315 daAuts
     D:8: 1151 daAuts
     D:2: 1066 daAuts
     D:9: 1038 daAuts
     D:3: 860 daAuts
    D:10: 854 daAuts
     D:5: 831 daAuts
     D:6: 805 daAuts
     D:7: 802 daAuts
     D:4: 761 daAuts
    D:12: 707 daAuts
 Ossuary: 568 daAuts
     D:1: 127 daAuts
 Abyss:3: 74 daAuts
  Temple: 1 daAuts
